 Seeded DCSS version 0.32-a0-473-gd044c6f0f0 (webtiles) character file.

Game seed: 7220356206648857820 (custom seed)

573 CInkIbrahim the Poker (level 7, 52/52 HPs)
             Began as a Coglin Fighter on Feb 26, 2024.
             Was a Believer of Lugonu.
             Quit the game on level 4 of the Dungeon.
             The game lasted 00:02:12 (2871 turns).

CInkIbrahim the Poker (Coglin Fighter)              Turns: 2871, Time: 00:02:12

Health: 52/52      AC: 23    Str: 15    XL:     7   Next: 34%
Magic:  7/7        EV:  0    Int:  7    God:    Lugonu [**....]
Gold:   1194       SH:  0    Dex: 13    Spells: 6/6 levels left

rFire   + . .        a - +8 lance "Wyrmbane" {slay drac, rPois rF+ rC+ AC+3}
rCold   + . .        i - +4 demon trident (elec) {Kannika}
rNeg    . . .        j - +5 crystal plate armour of Uskayaw's Reproof {Will++ Str-4}
rPois   +            (no helmet)
rElec   .            (no cloak)
rCorr   .            (no gloves)
SInv    .            (no boots)
Will    ++...        (no amulet) Stlth
                     (ring unavailable)
HPRegen 0.28/turn    (ring unavailable)
MPRegen 0.10/turn

%: no passive effects
@: revved
A: off-hand wielding, slow wielding, warmup strikes, no rings
a: Renounce Religion, Depart the Abyss, Banish


You were on level 4 of the Dungeon.
You worshipped Lugonu.
Lugonu was pleased with you.
You visited 1 branch of the dungeon, and saw 4 of its levels.

You collected 1194 gold pieces.

Inventory:

Hand Weapons
 a - the +8 lance "Wyrmbane" (weapon) {slay drac, rPois rF+ rC+ AC+3}
   (You acquired it on level 2 of the Dungeon)

   AC+3:      It affects your AC (+3).
   rF+:       It protects you from fire.
   rC+:       It protects you from cold.
   rPois:     It protects you from poison
 i - a +4 demon trident of electrocution (offhand) {Kannika}
Missiles
 t - 2 throwing nets (quivered)
Armour
 b - a +0 scale mail
 c - a +0 buckler
 j - the +5 crystal plate armour of Uskayaw's Reproof (worn) {Will++ Str-4}
   (You acquired it on level 2 of the Dungeon)

   Str-4:     It affects your strength (-4).
   Will++:    It greatly increases your willpower.
Wands
 s - a wand of charming (7)
 u - a wand of iceblast (12)
Scrolls
 e - a scroll of vulnerability {unknown}
 k - 3 scrolls of teleportation {unknown}
 m - a scroll of amnesia {unknown}
 n - 4 scrolls of identify {unknown}
 v - a scroll of acquirement
 w - a scroll of blinking {unknown}
Potions
 d - 2 potions of might
 f - a potion of degeneration {unknown}
 g - 2 potions of invisibility {unknown}
 h - 2 potions of enlightenment {unknown}
 l - 4 potions of curing {unknown}
 o - 2 potions of mutation {unknown}
 p - 2 potions of lignification {unknown}
 q - a potion of magic {unknown}
 r - a potion of attraction {unknown}


   Skills:
 - Level 3.0 Fighting
 + Level 7.2 Polearms
 - Level 2.6 Armour
 - Level 2.1 Shields


You had 6 spell levels left.
You didn't know any spells.
Your spell library contained the following spells:

 Spells                   Type           Power      Damage    Failure   Level
 Ensorcelled Hibernation  Hex/Ice        0%         N/A       100%        2
 Dazzling Flash           Conj/Hex       0%         N/A       100%        3
 Passwall                 Erth           0%         N/A       100%        3
 Swiftness                Air            0%         N/A       100%        3
 Volatile Blastmotes      Fire/Tloc      0%         2d10      100%        3
 Starburst                Conj/Fire      0%         6d3       100%        6
 Maxwell's Capacitive Co  Air            0%         ∞         100%        8


Dungeon Overview and Level Annotations

Branches:
Dungeon (4/15)             Temple (0/1) D:4

Altars:
Lugonu

Shops:
D:3 !


Innate Abilities, Weirdness & Mutations

You can wield a second weapon in your off-hand.
It takes a long time for you to wield or remove held weapons.
Your first few attacks do less damage.
Your grasper-arms cannot wear rings.


Message History

An endoplasm is nearby!
An endoplasm is nearby!
An endoplasm is nearby!
An endoplasm is nearby!
Failed to move towards target.
An endoplasm is nearby!
Failed to move towards target.
An endoplasm is nearby!
Failed to move towards target.
An endoplasm is nearby!
Failed to move towards target.
An endoplasm is nearby!
Failed to move towards target.
An endoplasm is nearby!
Failed to move towards target.
An endoplasm is nearby!
Failed to move towards target.
An endoplasm is nearby!
Failed to move towards target.
An endoplasm is nearby!
Failed to move towards target.
An endoplasm is nearby!
Failed to move towards target.
An endoplasm is nearby!
Failed to move towards target.
An endoplasm is nearby!
Failed to move towards target.
An endoplasm is nearby!
Failed to move towards target.
An endoplasm is nearby!
Failed to move towards target.
An endoplasm is nearby!
Failed to move towards target.
An endoplasm is nearby!
Failed to move towards target.
An endoplasm is nearby!
Failed to move towards target.
An endoplasm is nearby!
Failed to move towards target.
Are you sure you want to abandon this character and quit the game? (Confirm with "yes".)

#.....# #........######
#.###.#######.........## ##
#......................# #.
#..#####+#######'####..# #.
#..###.....###.....###.# #.
#..##.....###.....####.# #.
#..#....S###.....###.#.# #.
#..#....###..†..###..#.###.
#..+...###@..†.###.^.+.....
#..#..######$####....#..##.
#.###J#.....#.....#.####
####..#..?..#....##.#
###...'.?...'...###.#
##....#..:..#..####.#
#.....#.....#.###.#.#
#....####'######..#.####
###...+.##..


You could see an endoplasm and a ball python.

Vanquished Creatures
  Sigmund (D:3)
  A black bear (D:4)
  2 phantoms (D:4)
  A scorpion (D:3)
  Ijyb (D:3)
  A gnoll (D:4)
  4 adders (D:2)
  A dart slug (D:1)
  A ribbon worm (D:2)
  4 endoplasms
  A giant cockroach (D:2)
  9 goblins
  3 hobgoblins
  A kobold (D:4)
  3 quokkas
  6 ball pythons
  A bat (D:2)
  4 frilled lizards
  5 rats (D:2)
50 creatures vanquished.

Notes
Turn   | Place    | Note
-------+----------+-------------------------------------------
     0 | D:1      | CInkIbrahim the Coglin Fighter began the quest for the Orb.
     0 | D:1      | Reached XP level 1. HP: 18/18 MP: 1/1
    68 | D:1      | Reached skill level 2 in Polearms
   277 | D:1      | Found a faded altar of an unknown god.
   311 | D:1      | Reached XP level 2. HP: 19/24 MP: 2/2
   320 | D:1      | Prayed at the altar of an unknown god.
   320 | D:1      | Became a worshipper of Lugonu the Unformed
   320 | D:1      | Reached * piety under Lugonu
   650 | D:2      | Identified 3 scrolls of acquirement
   650 | D:2      | Acquired the +5 crystal plate armour of Uskayaw's Reproof
                  | {Will++ Str-4}
   651 | D:2      | Acquired a +4 demon trident of electrocution
   652 | D:2      | Acquired the +8 lance "Wyrmbane" {slay drac, rPois rF+ rC+
                  | AC+3}
   652 | D:2      | Found the +8 lance "Wyrmbane" {slay drac, rPois rF+ rC+
                  | AC+3}
  1004 | D:2      | Reached skill level 3 in Polearms
  1004 | D:2      | Reached XP level 3. HP: 29/29 MP: 3/3
  1264 | D:2      | Reached XP level 4. HP: 35/35 MP: 4/4
  1543 | D:2      | Reached skill level 4 in Polearms
  1683 | D:3      | Noticed Ijyb
  1684 | D:3      | Killed Ijyb
  1749 | D:3      | Noticed a scorpion
  1751 | D:3      | Killed a scorpion
  1752 | D:3      | Reached XP level 5. HP: 41/41 MP: 5/5
  1810 | D:3      | Noticed Sigmund
  1814 | D:3      | Killed Sigmund
  1815 | D:3      | Reached skill level 6 in Polearms
  1815 | D:3      | Reached XP level 6. HP: 43/47 MP: 6/6
  2085 | D:3      | Reached ** piety under Lugonu
  2156 | D:3      | Found Rezxetoc's Distillery.
  2397 | D:4      | Acquired 1000 gold pieces
  2398 | D:4      | Acquired the +2 pair of boots of Intercession {rC+ rN+
                  | Will+ Str+2}
  2438 | D:4      | Found a staircase to the Ecumenical Temple.
  2796 | D:4      | Reached XP level 7. HP: 52/52 MP: 7/7
  2863 | D:4      | Reached skill level 7 in Polearms
  2871 | D:4      | Quit the game

Illustrated notes

Levels and vault maps discovered:
D:1:      psy_arrival_whirlpool, layout_basic,
          shapermc_ecumenical_altar_starsandcircs, minmay_strange_pillars
D:2:      kennysheep_big_flooded_room, layout_loops_corners, minmay_cut_off
D:3:      layout_loops_ring, serial_shops,
          nicolae_shop_temple_entry_statues_fountains, grunt_decor_clamped,
          uniq_sigmund, uniq_ijyb
D:4:      layout_basic, minmay_temple_entry_glassed_door, minmay_quadrilaterals

Skill      XL: |  1  2  3  4  5  6  7 |
---------------+----------------------+-----
Polearms       | 2 3 4 6 7 |  7.2
Fighting       | |  3.0
Armour         | |  2.6
Shields        | |  2.1

Action                     |  1- 3 |  4- 6 |  7- 9 || total
---------------------------+-------+-------+-------++-------
  Melee: Trident           |    23 |       |       ||    23
         Lance             |    18 |    19 |     7 ||    44
         Demon trident     |    12 |    22 |     7 ||    41
    Use: Scroll            |     3 |     2 |       ||     5
 Armour: Scale mail        |     7 |       |       ||     7
         Crystal plate arm |    16 |     6 |       ||    22
  Dodge: Dodged            |     3 |       |       ||     3
  Block: Buckler           |     4 |       |       ||     4

Table legend: (Time is in decaauts)
 A = Elapsed time spent in this place.
 B = Non-inter-level travel time spent in this place.
 C = Inter-level travel time spent in this place.
 D = Time resting spent in this place.
 E = Time spent auto-exploring this place.
 F = Levels seen in this place.
 G = Mean time per level.
                   A        B        C        D        E       F      G
               +--------+--------+--------+--------+--------+-----+--------+
         Total |   2875 |   2780 |     95 |      0 |   2454 |   4 |  718.8 |
       Dungeon |   2875 |   2780 |     95 |      0 |   2454 |   4 |  718.8 |
               +--------+--------+--------+--------+--------+-----+--------+

Top non-repeatable levels by time:
     D:2: 1025 daAuts
     D:4: 643 daAuts
     D:3: 608 daAuts
     D:1: 597 daAuts
